AoeStats
← DerdonOhneKlarnamen

Arabia

509933816Analyzed
4v4 RM · 4d ago on Sep 28, 2026· 25m 20s· 8 players
Game mode
Random Map
Map size
Large (8 player)
Population
200
Speed
Normal
Resources
Standard
Victory
Conquest
Starting age
Dark Age
Ending age
Imperial Age
RankedLock teamsTeams togetherTeam positionsShared explorationLock speedFull tech treeHidden civsTurbo modeCheats
Victory
Defeat
🇪🇸 Danes · Spain
686
+11
🇨🇿 Ethiopians · Czechia
673
+12
🇮🇹 Celts · Italy
645
+13
🇺🇸 Slavs · United States
631
+13
🇩🇪 Britons · Germany
682
-43
🇩🇪 Mongols · Germany
574
-12
🇩🇪 Turks · Germany
525
-10
🇩🇪 Teutons · Germany
523
-10
Looting
2:42 Loom
13:25 Feudal Age
15:53 Double-Bit Axe
20:36 Castle Age
18:52 Forging
19:03 Stone Mining
20:39 Scale Barding Armor
20:50 Light Cavalry
22:30 Horse Collar
Auttomatix
4:24 Loom
12:09 Feudal Age
12:38 Double-Bit Axe
12:38 Horse Collar
19:26 Stone Mining
19:34 Gold Mining
22:22 Castle Age
22:10 Scale Barding Armor
23:25 Padded Archer Armor
23:39 Forging
23:30 Scale Mail Armor
SirPresident765
2:40 Loom
14:07 Feudal Age
15:03 Double-Bit Axe
15:02 Horse Collar
16:28 Wheelbarrow
17:28 Town Watch
24:55 Castle Age
25:29 Arson
26:10 Hand Cart
Wolfgang Rouge
9:30 Loom
11:29 Feudal Age
11:47 Man-at-Arms
12:58 Double-Bit Axe
12:56 Horse Collar
14:22 Arson
14:57 Forging
17:38 Wheelbarrow
17:31 Scale Mail Armor
18:44 Town Watch
27:59 Castle Age
Келлог
12:52 Feudal Age
13:13 Horse Collar
13:22 Double-Bit Axe
16:02 Stone Mining
16:03 Gold Mining
23:32 Castle Age
drache
11:01 Feudal Age
12:03 Double-Bit Axe
12:10 Horse Collar
17:20 Castle Age
16:38 Loom
DerdonOhneKlarnamen
0:39 Loom
10:19 Feudal Age
11:35 Wheelbarrow
13:25 Double-Bit Axe
13:58 Gold Mining
16:12 Stone Mining
19:14 Horse Collar
23:37 Castle Age
21:47 Padded Archer Armor
22:10 Fletching
24:46 Hand Cart
25:09 Gold Shaft Mining
25:17 Bow Saw
ArtizSavage
13:51 Feudal Age
15:09 Wheelbarrow
14:26 Double-Bit Axe
14:24 Horse Collar
20:14 Stone Mining
23:06 Gold Mining
Connection lost

Rejoining the realm…

Still unreachable

The connection could not be restored.

Session expired

The server has moved on; the page needs a fresh start.